AoeStats
← ELKUNN

Arabia

510165367Analyzed
1v1 RM · 2d ago on Sep 29, 2026· 52m 20s· 2 players
Game mode
Random Map
Map size
Tiny (2 player)
Population
200
Speed
Normal
Resources
Standard
Victory
Conquest
Starting age
Dark Age
Ending age
Imperial Age
RankedLock teamsTeams togetherTeam positionsShared explorationLock speedFull tech treeHidden civsTurbo modeCheats
Victory
Defeat
🇦🇷 Franks · Argentina
758
+16
🇦🇷 Aztecs · Argentina
751
-16
mathiuzking
10:54 Feudal Age
11:41 Double-Bit Axe
19:48 Fletching
19:59 Padded Archer Armor
24:46 Castle Age
29:03 Bow Saw
28:39 Horse Collar
29:03 Gold Mining
29:50 Elite Skirmisher
30:17 Eagle Warrior
33:29 Bodkin Arrow
34:14 Pikeman
36:06 Scale Mail Armor
43:03 Imperial Age
42:55 Chain Mail Armor
48:47 Elite Eagle Warrior
52:51 Chemistry
ELKUNN
7:32 Loom
9:47 Feudal Age
10:50 Double-Bit Axe
16:29 Scale Barding Armor
16:17 Fletching
18:30 Town Watch
25:05 Castle Age
26:58 Husbandry
28:51 Ballistics
28:32 Bodkin Arrow
29:05 Bow Saw
28:54 Elite Skirmisher
33:08 Town Patrol
33:44 Wheelbarrow
36:56 Hand Cart
40:32 Imperial Age
38:48 Stone Mining
38:49 Gold Mining
42:23 Chemistry
41:37 Forging
49:25 Iron Casting
49:11 Chain Barding Armor
48:52 Padded Archer Armor
49:11 Chivalry
48:49 Cavalier
Connection lost

Rejoining the realm…

Still unreachable

The connection could not be restored.

Session expired

The server has moved on; the page needs a fresh start.